 Dungeon Crawl Stone Soup version 0.24.0-28-g17ded55e90 (webtiles) character file.

Game seed: 7238612689453060968, levelgen mode: deterministic

101 grindst0ne the Shield-Bearer (level 4, -2/31 HPs)
             Began as an Octopode Fighter on Nov 11, 2019.
             Slain by an orc
             ... wielding a +0 mace
              (6 damage)
             ... on level 3 of the Dungeon.
             The game lasted 00:03:34 (2342 turns).

grindst0ne the Shield-Bearer (Octopode Fighter)     Turns: 2342, Time: 00:03:35

Health: -2/31      AC:  1    Str: 15    XL:     4   Next: 75%
Magic:  4/4        EV: 12    Int: 10    God:
Gold:   92         SH:  9    Dex: 12    Spells: 3/3 levels left

rFire    . . .     SeeInvis .   j - +0 dagger (vamp)
rCold    . . .     Gourm    .   b - +0 shield
rNeg     . . .     Faith    .   (helmet restricted)
rPois    .         Spirit   .   (no amulet)
rElec    .         Reflect  .   (no ring)
rCorr    .         Harm     .   (no ring)
MR       .....                  (no ring)
Stlth    +++.......             (no ring)
HPRegen  0.10/turn              (no ring)
MPRegen  0.09/turn              (no ring)
                                (no ring)
                                (no ring)

@: no status effects
A: almost no armour, stealthy swim, amphibious, 8 rings, constrict 8, camouflage
1, gelatinous body 1
a: no special abilities


You were on level 3 of the Dungeon.
You were not hungry.

You visited 1 branch of the dungeon, and saw 3 of its levels.

You collected 92 gold pieces.

Inventory:

Hand Weapons
 a - a +0 war axe
 j - a +0 vampiric dagger (weapon)
 r - a +3 dagger
Armour
 b - a +0 shield (worn)
Jewellery
 f - an uncursed ring of flight {unknown}
 p - an uncursed ring of protection from fire {unknown}
Scrolls
 e - a scroll of immolation {unknown}
 g - a scroll of enchant armour {unknown}
 h - 3 scrolls of teleportation {unknown}
 k - 2 scrolls of remove curse {unknown}
 m - 3 scrolls of identify {unknown}
 q - a scroll of fog {unknown}
 s - a scroll of blinking {unknown}
Potions
 c - a potion of might
 i - 2 potions of berserk rage {unknown}
 l - a potion of flight {unknown}
 n - 2 potions of resistance {unknown}
 o - a potion of curing {unknown}
Comestibles
 d - 5 rations


   Skills:
 + Level 3.4 Fighting
 + Level 2.6 Axes
 + Level 3.4 Dodging
 + Level 2.2 Stealth
 * Level 3.9 Shields


You had 3 spell levels left.
You didn't know any spells.
Your spell library was empty.

Dungeon Overview and Level Annotations

Branches:
Dungeon (3/15)

Altars:


Innate Abilities, Weirdness & Mutations

You cannot wear most types of armour.
You are very stealthy in the water. (Stealth+)
You are amphibious.
You can wear up to eight rings at the same time.
You can use your tentacles to constrict eight enemies at once.
Your skin changes colour to match your surroundings (Stealth+).
Your rubbery body absorbs attacks. (AC +1, EV +1)


Message History

You hit the orc but do no damage. Your grab misses the orc.
Your squeeze misses the orc.
The orc wizard hits you with a +0 dagger.
* * * LOW HITPOINT WARNING * * *
The orc barely misses you.
Your shield prevents you from hitting the orc.
Your grab misses the orc. The orc wizard casts a spell at you.
You resist with some effort. The orc hits you with a +0 mace.
* * * LOW HITPOINT WARNING * * *
You hit the orc wizard but do no damage.
Your grab misses the orc wizard. You block the orc wizard's attack.
You block the orc's attack.
The orc wizard gestures at you while chanting.
You resist with some effort.
You hit the orc wizard but do no damage.
You grab the orc wizard.
You constrict the orc wizard, but do no damage.
The orc hits you with a +0 mace.
You die...

..# . ..## .
.... .# ##
#... .. .##
#..# #. ..#
..# #. #..
###o.# #.##
#..####.@oo#
...#
#..#....##..#
##.# #...####
.# #.##
#.....# #
##..#
##.#.......
....###
#.##....#.
##....#####.#
###[..
##..#.......#
..
..#.#...(..##
#


You could see an orc wizard and 2 orcs.

Vanquished Creatures
  An orc wizard (D:3)
  3 adders (D:2)
  A dart slug (D:1)
  A leopard gecko (D:1)
  2 orcs (D:3)
  3 giant cockroaches
  9 goblins
  5 jackals (D:1)
  2 ball pythons
  5 bats
  A frilled lizard (D:2)
  6 kobolds
  A rat (D:3)
40 creatures vanquished.

Notes
Turn   | Place    | Note
-------+----------+-------------------------------------------
     0 | D:1      | grindst0ne the Octopode Fighter began the quest for the
                  | Orb.
     0 | D:1      | Reached XP level 1. HP: 16/16 MP: 1/1
   173 | D:1      | Reached XP level 2. HP: 21/21 MP: 2/2
   441 | D:1      | Reached skill level 1 in Stealth
   645 | D:1      | Reached XP level 3. HP: 23/26 MP: 3/3
  1244 | D:2      | Reached XP level 4. HP: 21/31 MP: 4/4
  2342 | D:3      | Slain by an orc

Levels and vault maps discovered:
D:1:      grunt_arrival_lava_bath, layout_basic, minivault_26, minmay_distorted
D:2:      layout_basic, first_ration
D:3:      layout_rooms, skrybe_limestone_x

Skill      XL: |  1  2  3  4 |
---------------+-------------+-----
Stealth        | 1 2 |  2.2
Fighting       | |  3.4
Axes           | |  2.6
Dodging        | |  3.4
Shields        | |  3.9

Action                   |  1- 3 |  4- 6 || total
-------------------------+-------+-------++-------
Melee: War axe           |    11 |       ||    11
       Constrict         |    20 |     9 ||    29
       Tentacles         |    10 |     3 ||    13
       Dagger            |    52 |    25 ||    77
 Stab: Sleeping          |     8 |       ||     8
  Eat: Chunk             |     1 |     1 ||     2
       Ration            |       |     1 ||     1
Armor: Skin              |     5 |       ||     5
Dodge: Dodged            |    29 |     7 ||    36
Block: Shield            |    36 |     8 ||    44
